 Dungeon Crawl Stone Soup version 0.27.1-1-g398f81649c (webtiles) character file.

Game seed: 12964841010250791914

97 Descartes the Ducker (level 4, 0/21 HPs)
             Began as a Felid Monk on Sept 12, 2021.
             Was an Elder of Qazlal.
             Succumbed to a scorpion's poison
             ... on level 3 of the Dungeon.
             The game lasted 00:05:24 (4481 turns).

Descartes the Ducker (Felid Monk)                   Turns: 4481, Time: 00:05:25

Health: 0/21       AC:  1    Str:  8    XL:     4   Next: 42%
Magic:  6/6        EV: 20    Int: 11    God:    Qazlal [****..]
Gold:   120        SH:  5    Dex: 18    Spells: 2/3 levels left
                                        Lives:  0   Deaths: 1

rFire    . . .     SeeInvis +     - Unarmed
rCold    . . .     Faith    .   (shield unavailable)
rNeg     . . .     Spirit   .   (armour unavailable)
rPois    .         Reflect  .   (helmet unavailable)
rElec    .         Harm     .   (cloak unavailable)
rCorr    .         Rampage  .   (gloves unavailable)
Will     .....                  (boots unavailable)
Stlth    ++........             k - amulet of magic regeneration
HPRegen  0.07/turn              f - ring of flight
MPRegen  0.35/turn              (no ring)

@: lethally poisoned (0 -> -2), flying, hasted, repel missiles, very quick
A: very small, claws 1, fangs 3, see invisible, speed 1, shaggy fur 1, stealthy
paws, no weapons or thrown items, no armour, multi-lived
a: Renounce Religion, Upheaval, Elemental Force


You were on level 3 of the Dungeon.
You worshipped Qazlal.
Qazlal was greatly pleased with you.
You visited 1 branch of the dungeon, and saw 4 of its levels.

You collected 120 gold pieces.

Inventory:

Jewellery
 f - a ring of flight (left paw)
 k - an amulet of magic regeneration (around neck)
Wands
 j - a wand of iceblast (6)
Scrolls
 c - a scroll of magic mapping {unknown}
 d - a scroll of amnesia {unknown}
 e - a scroll of immolation {unknown}
 g - a scroll of silence {unknown}
 h - 2 scrolls of teleportation {unknown}
 l - a scroll of enchant armour {unknown}
Potions
 a - a potion of haste
 b - a potion of heal wounds {unknown}
 i - a potion of flight {unknown}


   Skills:
 - Level 3.0 Fighting
 + Level 5.1 Dodging
 - Level 3.1 Stealth
 + Level 3.9 Unarmed Combat
 + Level 0.4 Spellcasting
 + Level 1.0 Transmutations
 + Level 0.9 Poison Magic
 + Level 2.1 Invocations
 + Level 0.5 Evocations


You had 2 spell levels left.
You knew the following spells:

 Your Spells              Type           Power      Damage    Failure   Level
a - Sting                 Tmut/Pois      8%         1d3       24%         1

Your spell library contained the following spells:

 Spells                   Type           Power      Damage    Failure   Level
 Poisonous Vapours        Pois/Air       2%         N/A       41%         2
 Olgreb's Toxic Radiance  Pois           2%         N/A       93%         4


Dungeon Overview and Level Annotations

Branches:
Dungeon (4/15)
 Temple: D:4-7

Altars:
Cheibriados
Qazlal


Innate Abilities, Weirdness & Mutations

You have sharp claws.
You have razor-sharp teeth.
You have supernaturally acute eyesight. (SInv)
You cover ground quickly. (Speed+)
You are covered in fur. (AC +1)
Your paws help you pounce on unaware monsters.
You are incapable of wielding weapons or throwing items.
You cannot wear armour.
You gain extra lives every three experience levels.


Message History

You kill the endoplasm!
Qazlal accepts your kill.
The orc is struck by lightning.
You kill the orc!
Qazlal accepts your kill.
Your Transmutations skill increases to level 1!
HP restored.
Done exploring.
There is a stone staircase leading down, spattered with blood here.
You fly downwards.
The ball python bites you. The ball python barely misses you.
The scorpion barely misses you. The ball python barely misses you.
The ball python closely misses you. You block the scorpion's attack.
There is a stone staircase leading up here.
The ball python completely misses you. x2; The scorpion stings you.
You are lethally poisoned!
The scorpion poisons you!
You fly upwards.
You feel very sick.
There is a stone staircase leading down, spattered with blood here.
You feel sick. The scorpion misses you.
* * * LOW HITPOINT WARNING * * *
You feel sick.
* * * LOW HITPOINT WARNING * * *
You feel sick.
The ball python is engulfed in freezing vapours.
The ball python seems to slow down.
You kill the ball python!
Qazlal accepts your kill.
* * * LOW HITPOINT WARNING * * *
You feel sick.
* * * LOW HITPOINT WARNING * * *
You feel sick.
* * * LOW HITPOINT WARNING * * *
You feel sick.
There is an open door here.
It was a potion of haste.
You feel yourself speed up.
* * * LOW HITPOINT WARNING * * *
You feel sick.
You die...

#......#'########..#.#
#.............# #..#.#
#...#.........# #..#.#
#...#.........# #..#.#
#####.........# #..#.#
######........# #..#.#
..............# #..#.#
.............○######.#
........>.....s.@....#
#######)..§...########
####.###### ###
#.....# ..###.....#
..'.......#
..###.....#
#.#<#.....#
#.#.#.....#


You could see a scorpion.

Vanquished Creatures
  An orc priest (D:3)
  2 adders
  A worm (D:2)
  4 dart slugs
  8 orcs (D:3)
  7 ball pythons
  8 bats
  6 endoplasms
  5 giant cockroaches
  8 goblins
  7 hobgoblins
  2 jackals (D:2)
  3 kobolds (D:1)
  A frilled lizard (D:3)
  10 rats
73 creatures vanquished.

Notes
Turn   | Place    | Note
-------+----------+-------------------------------------------
     0 | D:1      | Descartes the Felid Monk began the quest for the Orb.
     0 | D:1      | Reached XP level 1. HP: 10/10 MP: 2/2
   144 | D:1      | Found a faded altar of an unknown god.
   157 | D:1      | Became a worshipper of Qazlal Stormbringer
   157 | D:1      | Reached * piety under Qazlal
   157 | D:1      | Reached ** piety under Qazlal
   318 | D:1      | Reached XP level 2. HP: 14/14 MP: 3/3
   750 | D:1      | Reached *** piety under Qazlal
   769 | D:1      | Reached skill level 1 in Invocations
   995 | D:1      | Reached XP level 3. HP: 14/17 MP: 4/4
  2428 | D:2      | Learned a level 1 spell: Sting
  2509 | D:2      | Reached XP level 4. HP: 16/21 MP: 6/6
  3256 | D:3      | Reached skill level 5 in Dodging
  3348 | D:3      | Killed from afar by an orc priest
  3349 | D:3      | Reached XP level 3. HP: -5/17 MP: 5/5
  3349 | D:3      | Found a snail-covered altar of Cheibriados.
  3560 | D:3      | Reached **** piety under Qazlal
  3995 | D:3      | Reached XP level 4. HP: 5/21 MP: 4/6
  4243 | D:4      | Noticed a scorpion
  4251 | D:3      | Reached skill level 1 in Transmutations
  4478 | D:3      | HP: 1/21 [poisoned by a scorpion]
  4481 | D:3      | Succumbed to a scorpion's poison

Illustrated notes

Levels and vault maps discovered:
D:1:      dpeg_arrival_ratfight, layout_basic,
          ebering_ecumenical_altar_petrified, minmay_close_crescents
D:2:      layout_basic
D:3:      layout_basic, mainiacjoe_overflow_alcove_4
D:4:      layout_basic, nemelex_diamond_rough_becter, lemuel_doored_altar,
          temple_hall, nrook_campfire, kennysheep_donut, kennysheep_crisscross,
          uniq_natasha

Skill      XL: |  1  2  3  4 |
---------------+-------------+-----
Invocations    | 1 2 |  2.1
Dodging        | 5 |  5.1
Stealth        | 3 |  3.1
Transmutations | 1 |  1.0
Fighting       | |  3.0
Unarmed Combat | |  3.9
Spellcasting   | |  0.4
Poison Magic   | |  0.9
Evocations     | |  0.5

Action                   |  1- 3 |  4- 6 || total
-------------------------+-------+-------++-------
Melee: Unarmed           |   161 |    36 ||   197
       Bite              |    14 |     2 ||    16
 Cast: Sting             |    11 |     3 ||    14
  Use: Potion            |       |     1 ||     1
Armor: Skin              |    12 |     2 ||    14
Dodge: Dodged            |   109 |    35 ||   144
Block: Other             |    20 |    11 ||    31
